 Dungeon Crawl Stone Soup version 0.31.0-12-g77e489cdc1 (webtiles) character file.

Game seed: 14139270290575884917

408 Killerpretzel the Changeling (level 6, -2/42 HPs)
             Began as an Octopode Shapeshifter on Feb 24, 2024.
             Was an Initiate of Vehumet.
             Slain by an ogre
             ... wielding a +0 giant spiked club
              (34 damage)
             ... on level 5 of the Dungeon.
             The game lasted 00:05:03 (3866 turns).

Killerpretzel the Changeling (OpSh)                 Turns: 3866, Time: 00:05:04

Health: -2/42      AC:  1    Str: 20    XL:     6   Next: 88%
Magic:  15/15      EV: 15    Int: 12    God:    Vehumet [......]
Gold:   163        SH:  0    Dex: 19    Spells: 5/5 levels left

rFire   . .          .
                       - Unarmed
rCold   . . .        (no shield)
rNeg    . . .        (helmet currently unavailable)
rPois   +            o - amulet of faith
rElec   .            j - ring of poison resistance
rCorr   .            l - +6 ring of dexterity
SInv    .            r - +6 ring of strength
Will    .....        t - ring of magical power
Stlth   +++          (no ring)
HPRegen 0.27/turn    (no ring)
MPRegen 0.14/turn    (no ring)
                     (no ring)

%: faith
@: beast-form
A: beast (slay +2), almost no armour, amphibious, 8 rings, camouflage 1,
gelatinous body 1, (nimble swimmer 1), tentacles
a: Begin Untransformation, Renounce Religion


You were on level 5 of the Dungeon.
You worshipped Vehumet.
Vehumet was noncommittal.
You were a hulking beast.
You visited 2 branches of the dungeon, and saw 6 of its levels.

You collected 163 gold pieces.

Inventory:

Missiles
 g - a throwing net
 n - 5 javelins (quivered)
Jewellery
 j - a ring of poison resistance (left tentacle)
 l - a +6 ring of dexterity (right tentacle)
 o - an amulet of faith (around mantle)
 r - a +6 ring of strength (on tentacle)
 t - a ring of magical power (on tentacle)
Talismans
 a - a serpent talisman
 b - a beast talisman
 c - a flux talisman
Wands
 h - a wand of flame (28)
 v - a wand of mindburst (12)
 w - a wand of quicksilver (5)
Scrolls
 d - 2 scrolls of noise
 i - a scroll of immolation
 k - 2 scrolls of enchant weapon
 y - a scroll of identify
 z - a scroll of poison
 A - a scroll of enchant armour {unknown}
Potions
 e - 2 potions of curing
 f - a potion of mutation {unknown}
 m - 2 potions of haste {unknown}
 p - 2 potions of heal wounds {unknown}
 q - a potion of degeneration {unknown}
 s - a potion of enlightenment {unknown}
 u - a potion of might {unknown}
 x - a potion of ambrosia {unknown}


   Skills:
 + Level 3.0 Fighting
 + Level 3.5 Dodging
 + Level 4.3 Unarmed Combat
 * Level 4.9 Shapeshifting


You had 5 spell levels left.
You didn't know any spells.
Your spell library was empty.

Dungeon Overview and Level Annotations

Branches:
Dungeon (5/15)             Temple (1/1) D:4

Altars:
Ashenzari
Cheibriados
Dithmenos
Elyvilon
Fedhas
Hepliaklqana
Okawaru
Qazlal
Ru
Sif Muna
Trog
Uskayaw
Vehumet
Wu Jian
Yredelemnul
Zin
The Shining One


Innate Abilities, Weirdness & Mutations

You are a hulking beast.
Your limbs bulge with bestial killing power. (Slay +2)
You cannot wear most types of armour.
You are amphibious.
You can wear up to eight rings at the same time.
Your skin changes colour to match your surroundings (Stealth+).
Your rubbery body absorbs attacks. (AC +1, EV +1)
((You are camouflaged when in or above water. (Stealth+)))
You have tentacles for arms and can constrict up to eight enemies at once.


Message History

The orc priest mumbles some strange prayers to Beogh against you.
You barely resist.
An ogre comes into view. It is wielding a +0 giant spiked club.
You bludgeon the orc!
You kill the orc!
Vehumet accepts your kill.
The orc wizard points at you and mumbles some strange words.
You resist with some effort. The orc wizard hits you with a +0 club.
Things that are here:
a +0 falchion; an orc corpse You bludgeon the orc wizard!
You grab the orc wizard. You squeeze the orc wizard.
The orc wizard is severely wounded.
You constrict the orc wizard. The orc wizard misses you.
You tentacle-slap the orc wizard.
The orc wizard is almost dead.
You constrict the orc wizard.
The orc wizard struggles to escape constriction.
You barely miss the orc wizard.
The orc wizard is almost dead.
You constrict the orc wizard.
You kill the orc wizard!
Vehumet accepts your kill.
Your Fighting skill increases to level 3!
You barely miss the orc. You grab the orc. Your squeeze misses the orc.
You constrict the orc. The orc barely misses you.
You bludgeon the orc!
You kill the orc!
Vehumet accepts your kill.
You tentacle-slap the ogre. You squeeze the ogre.
The ogre is heavily wounded.
The ogre hits you with a +0 giant spiked club!
You tentacle-slap the ogre.
The ogre is severely wounded.
You tentacle-slap the ogre. x2
The ogre is almost dead.
The ogre hits you with a +0 giant spiked club!!
Ouch! That really hurt!
You die...

#.. #8##8# #.# #### #.#
#..# .#### ####.######
#..# >.... #.........#
#..#
......#.#..##.#.#####..#
......#.#...........>..#
.....oO....###.........#
......#h#..# #.........#
..... #.#..###..#####...
.... #.........# #...
### #####.##### #... #.#
#... #.# #... #.# ##..
#.# #.. ... ..<


You could see an ogre and an orc priest.

Vanquished Creatures
  Eustachio (D:5)
  A kobold brigand (D:4)
  A bombardier beetle (D:4)
  An orc wizard (D:5)
  3 gnolls (D:4)
  2 adders (D:4)
  A ribbon worm (D:4)
  2 dart slugs
  2 orcs (D:5)
  9 bats
  7 endoplasms
  A giant cockroach (D:1)
  7 hobgoblins
  4 jackals (D:1)
  8 kobolds
  2 quokkas (D:1)
  11 ball pythons
  6 frilled lizards
  8 goblins
  10 rats
87 creatures vanquished.

Notes
Turn   | Place    | Note
-------+----------+-------------------------------------------
     0 | D:1      | Killerpretzel the Octopode Shapeshifter began the quest for
                  | the Orb.
     0 | D:1      | Reached XP level 1. HP: 13/13 MP: 1/1
    32 | D:1      | Reached XP level 2. HP: 8/18 MP: 2/2
   296 | D:1      | Reached XP level 3. HP: 23/23 MP: 3/3
  1160 | D:2      | Found a faded altar of an unknown god.
  1724 | D:3      | Found a stormy altar of Qazlal.
  1774 | D:3      | Reached XP level 4. HP: 29/29 MP: 4/4
  2049 | D:3      | Found a sacrificial altar of Ru.
  2050 | D:3      | Found an iron altar of Okawaru.
  2050 | D:3      | Found a broken altar of Ashenzari.
  2493 | D:4      | Found a staircase to the Ecumenical Temple.
  2508 | Temple   | Entered the Ecumenical Temple
  2526 | Temple   | Became a worshipper of Vehumet
  2581 | D:4      | Reached XP level 5. HP: 13/34 MP: 5/5
  2769 | D:4      | HP: 1/34 [gnoll/+0 whip (5)]
  3164 | D:4      | Noticed a kobold brigand
  3179 | D:4      | Killed a kobold brigand
  3180 | D:4      | Reached XP level 6. HP: 33/41 MP: 6/6
  3266 | D:4      | Found a white marble altar of Elyvilon.
  3267 | D:4      | Found a glowing golden altar of the Shining One.
  3267 | D:4      | Found a glowing silver altar of Zin.
  3539 | D:5      | Entered Level 5 of the Dungeon
  3676 | D:5      | Noticed Eustachio
  3702 | D:5      | Killed Eustachio
  3866 | D:5      | Slain by an ogre

Illustrated notes

Levels and vault maps discovered:
D:1:      minmay_arrival_semitransparent, layout_basic, nicolae_the_louvre
D:2:      layout_loops_cross, ebering_ecumenical_altar_sacrificial
D:3:      layout_loops_ring, nicolae_qazlal_general_emergency,
          chequers_temple_overflow_statue_of_worship
D:4:      layout_rooms, dreamdust_divine_triumvirate,
          minmay_temple_entry_junction, nicolae_hexahallways,
          chequers_serial_rivers_micro_d, minmay_puff
D:5:      layout_loops_cross, dk_noncrumbling_2, uniq_eustachio
Temple:   chequers_temple_sunken

Skill      XL: |  1  2  3  4  5  6 |
---------------+-------------------+-----
Fighting       | 2 3 |  3.0
Shapeshifting  | 4 |  4.9
Dodging        | 3 |  3.5
Unarmed Combat | 4 |  4.3

Action                     |  1- 3 |  4- 6 || total
---------------------------+-------+-------++-------
  Melee: Unarmed           |    87 |    81 ||   168
         Constrict         |    19 |    21 ||    40
         Punch             |     3 |     1 ||     4
         Tentacles         |    13 |    20 ||    33
    Use: Scroll            |     4 |     5 ||     9
         Potion            |       |     1 ||     1
   Stab: Sleeping          |     4 |     7 ||    11
 Armour: Skin              |    25 |    39 ||    64
  Dodge: Dodged            |    48 |    31 ||    79
